 Dungeon Crawl Stone Soup version 0.27-a0-604-g29a88b33a7 (webtiles) character file.

Game seed: 2711414505139456720

427 HoaS the Ruffian (level 6, 0/50 HPs)
             Began as a Demigod Gladiator on Mar 12, 2021.
             Slain by an orc warrior
             ... wielding a +0 scimitar
              (19 damage)
             ... on level 4 of the Dungeon on Mar 13, 2021.
             The game lasted 00:07:29 (2904 turns).

HoaS the Ruffian (Demigod Gladiator)                Turns: 2904, Time: 00:07:29

Health: 0/50       AC:  7    Str: 23    XL:     6   Next: 37%
Magic:  8/8        EV: 12    Int: 10    God:
Gold:   146        SH:  0    Dex: 15    Spells: 5/5 levels left

rFire    . . .     SeeInvis .     - Unarmed
rCold    . . .     Faith    .   (no shield)
rNeg     . . .     Spirit   .   e - +0 ring mail
rPois    .         Reflect  .   b - +1 helmet
rElec    .         Harm     .   (no cloak)
rCorr    .         Rampage  .   (no gloves)
Will     .....                  (no boots)
Stlth    +.........             g - amulet of regeneration
HPRegen  1.16/turn              (no ring)
MPRegen  0.11/turn              (no ring)

@: no status effects
A: high mp 1, forlorn
a: no special abilities


You were on level 4 of the Dungeon.
You visited 1 branch of the dungeon, and saw 4 of its levels.

You collected 146 gold pieces.

Inventory:

Missiles
 d - 20 poisoned darts (quivered)
Armour
 b - a +1 helmet (worn)
 e - a +0 ring mail (worn)
Jewellery
 g - an amulet of regeneration (around neck)
Wands
 l - a wand of iceblast (6)
Scrolls
 f - 4 scrolls of teleportation
 k - a scroll of magic mapping
Potions
 a - 3 potions of attraction
 i - a potion of mutation {unknown}


   Skills:
 + Level 2.7 Fighting
 - Level 1.7 Throwing
 + Level 2.0 Armour
 - Level 3.0 Dodging
 - Level 6.0 Unarmed Combat


You had 5 spell levels left.
You didn't know any spells.
Your spell library was empty.

Dungeon Overview and Level Annotations

Branches:
Dungeon (4/15)
 Temple: D:4-7

Shops:
D:3 *

Annotations:
D:3 Grinder, Sigmund


Innate Abilities, Weirdness & Mutations

Your attributes grow dramatically as you level up.
You have an increased reservoir of magic. (+10% MP)
You shall have no god before yourself.


Message History

The orc warrior is lightly wounded.
The orc warrior struggles against the net.
You hit the orc warrior.
The orc warrior is lightly wounded.
The orc struggles against the net.
The orc warrior struggles against the net.
You hit the orc warrior. Your punch misses the orc warrior.
The orc warrior is moderately wounded.
The orc struggles against the net.
The orc warrior struggles against the net.
You hit the orc warrior but do no damage.
The orc warrior is moderately wounded.
The orc struggles against the net.
The net rips apart, and the orc comes free!
The orc warrior struggles against the net.
You hit the orc warrior but do no damage.
The orc warrior is moderately wounded.
The orc warrior struggles against the net.
The net rips apart, and the orc warrior comes free!
You punch the orc warrior!
The orc warrior is severely wounded.
You closely miss the orc warrior.
The orc warrior is severely wounded.
The orc warrior hits you with a +0 scimitar!!
You are too injured to fight recklessly!
Throw: throwing net
Press: ? - help, Shift-Dir - straight line, f/p - orc warrior
Aim: an orc warrior, wielding a +0 scimitar and wearing a +0 plate armour (heavily wounded, 59% to hit)
You throw a throwing net.
The throwing net barely misses the orc warrior.
The throwing net barely misses the orc.
The throwing net hits the orc.
The orc is caught in the net!
The orc is severely wounded.
The orc warrior hits you with a +0 scimitar.
The orc struggles against the net.
Okay, then.
You hit the orc warrior but do no damage.
The orc warrior is heavily wounded.
The orc warrior hits you with a +0 scimitar!!
You die...

....####..##........##.# ##.....#
###.#.....##.######.##.###.......
###....##.##.#####...#.##........
'.......................'........
#.#.).....##.###.#...####........
#.#<#.#.####.###.##.## ##.......
#.#.###.# #........# ##..####
#.#.###.# #####.#### ##.###.
#.......# #@# ###_'. ###.#####
#o# ###. ###.# #o# ## ..#.#
#..o..# ..#.# #.###.# ..#.# #.
... ....# # ##. .†### .. ..# #


You could see an orc warrior and 2 orcs.

Vanquished Creatures
  A centaur skeleton (D:4)
  2 hounds (D:4)
  An orc priest (D:4)
  A bullfrog skeleton (D:4)
  An iguana (D:4)
  Ijyb (D:4)
  An orc wizard (D:4)
  A hound zombie (D:4)
  6 adders
  4 gnolls (D:4)
  An adder skeleton (D:2)
  2 adder zombies (D:2)
  A worm (D:4)
  3 dart slugs
  4 leopard geckos
  8 orcs
  A bat zombie (D:2)
  2 giant cockroaches
  4 goblins
  7 hobgoblins
  7 jackals (D:4)
  2 quokkas (D:3)
  6 bats
  3 frilled lizards
  A jackal skeleton (D:2)
  A jackal zombie (D:2)
  3 kobolds
  A leopard gecko zombie (D:2)
  8 rats
84 creatures vanquished.

Notes
Turn   | Place    | Note
-------+----------+-------------------------------------------
     0 | D:1      | HoaS the Demigod Gladiator began the quest for the Orb.
     0 | D:1      | Reached XP level 1. HP: 17/17 MP: 3/3
   135 | D:1      | Reached skill level 3 in Unarmed Combat
   222 | D:1      | Reached XP level 2. HP: 8/24 MP: 4/4
  1042 | D:2      | Reached XP level 3. HP: 29/29 MP: 5/5
  1080 | D:2      | Reached skill level 4 in Unarmed Combat
  1283 | D:2      | Reached XP level 4. HP: 36/36 MP: 6/6
  1747 | D:3      | Noticed Sigmund
  1783 | D:3      | Noticed Grinder
  1863 | D:3      | Found Gozag's Platinum Reserve.
  1890 | D:4      | Reached skill level 5 in Unarmed Combat
  1923 | D:4      | Reached XP level 5. HP: 23/41 MP: 7/7
  2230 | D:4      | Noticed Ijyb
  2244 | D:4      | Killed Ijyb
  2440 | D:4      | Reached skill level 6 in Unarmed Combat
  2622 | D:4      | Reached skill level 1 in Armour
  2622 | D:4      | Reached XP level 6. HP: 48/48 MP: 8/8
  2904 | D:4      | Slain by an orc warrior

Illustrated notes

Levels and vault maps discovered:
D:1:      matt_arrival_grand_opening, layout_basic
D:2:      layout_rooms, nicolae_vehumet_altar_sigil, serial_undead,
          serial_undead_c, serial_undead_d, serial_undead_c, serial_undead_d
D:3:      layout_loops_ring, nicolae_gozag_zags_fifth_avenue, ashenzari_altar_1,
          lemuel_coloured_pillars_altar, serial_glass, glass_columns_c,
          glass_columns_c, uniq_grinder, uniq_sigmund
D:4:      minmay_evil_eye, layout_loops_corners, lemuel_blue_sif_altar,
          uniq_ijyb

Skill      XL: |  1  2  3  4  5  6 |
---------------+-------------------+-----
Unarmed Combat | 3 4 5 6 |  6.0
Fighting       | 2 |  2.7
Armour         | 1 2 |  2.0
Dodging        | 3 |  3.0
Throwing       | |  1.7

Action                   |  1- 3 |  4- 6 || total
-------------------------+-------+-------++-------
Melee: Unarmed           |   200 |   220 ||   420
       Punch             |     2 |     9 ||    11
Throw: Dart              |       |     6 ||     6
       Throwing net      |       |     4 ||     4
  Use: Scroll            |     3 |     5 ||     8
       Potion            |       |     1 ||     1
 Stab: Held in net/web   |       |     1 ||     1
Armor: Ring mail         |    71 |    70 ||   141
Dodge: Dodged            |   108 |   116 ||   224

Table legend: (Time is in decaauts)
 A = Elapsed time spent in this place.
 B = Non-inter-level travel time spent in this place.
 C = Inter-level travel time spent in this place.
 D = Time resting spent in this place.
 E = Time spent auto-exploring this place.
 F = Levels seen in this place.
 G = Mean time per level.
                   A        B        C        D        E       F      G
               +--------+--------+--------+--------+--------+-----+--------+
         Total |   2868 |   2798 |     70 |    316 |   1778 |   4 |  717.0 |
       Dungeon |   2868 |   2798 |     70 |    316 |   1778 |   4 |  717.0 |
               +--------+--------+--------+--------+--------+-----+--------+

Top non-repeatable levels by time:
     D:4: 1019 daAuts
     D:1: 978 daAuts
     D:2: 669 daAuts
     D:3: 201 daAuts
